 Dungeon Crawl Stone Soup version 0.30-a0-52-g86a8295270 (webtiles) character file.

Game seed: 16977655059746539806

15 MrFrogsmire the Trooper (level 2, -9/28 HPs)
             Began as a Meteoran Wanderer on Sept 7, 2022.
             Was an Initiate of Ashenzari.
             Mangled by Sigmund
             ... wielding a +0 scythe
              (11 damage)
             ... on level 2 of the Dungeon.
             The game lasted 00:02:26 (266 turns).

MrFrogsmire the Trooper (Meteoran Wanderer)          Turns: 266, Time: 00:02:26

Health: -9/28      AC:  3    Str: 14    XL:     2   Next: 88%
Magic:  3/3        EV: 15    Int: 12    God:    Ashenzari [......]
Gold:   11         SH:  0    Dex: 13    Spells: 1/1 levels left

rFire   . . .      SeeInvis .    g - +2 dagger (flame)
rCold   . . .      Faith    .    (no shield)
rNeg    . . .      Spirit   .    f - +0 leather armour
rPois   .          Reflect  .    (no helmet)
rElec   .          Harm     .    (no cloak)
rCorr   .          Rampage  .    (no gloves)
Will    .....                    (no boots)
Stlth   +.........               (no amulet)
HPRegen 0.09/turn                i - +4 ring of evasion
MPRegen 0.08/turn                (no ring)

@: glowing
A: sense surroundings 1, otherworldly, glowing, explore regen
a: Renounce Religion, Curse Item


You were on level 2 of the Dungeon.
You worshipped Ashenzari.
Ashenzari was noncommittal.
You visited 1 branch of the dungeon, and saw 2 of its levels.

You collected 11 gold pieces.

Inventory:

Hand Weapons
 a - a +2 quarterstaff
 b - a +0 mace
 d - a +0 dagger
 g - a +2 dagger of flaming (weapon)
Missiles
 c - 6 poisoned darts (quivered)
Armour
 f - a +0 leather armour (worn)
Jewellery
 i - a +4 ring of evasion (left hand)
Scrolls
 h - a scroll of torment {unknown}
 j - a scroll of identify {unknown}


   Skills:
 + Level 4.7 Fighting
 + Level 1.3(3.0) Maces & Flails
 + Level 3.8(3.9) Staves
 + Level 2.6 Throwing
 + Level 1.1 Armour
 + Level 0.2 Dodging


You had one spell level left.
You didn't know any spells.
Your spell library was empty.

Dungeon Overview and Level Annotations

Branches:
Dungeon (2/15) Zot: 932

Altars:
Ashenzari

Annotations:
D:2 Sigmund


Innate Abilities, Weirdness & Mutations

You passively map a small area around you.
You are easily found by Zot.
You glow in the dark.
You regain HP and MP as you explore.


Message History

Sigmund shouts!
Sigmund hits you from afar with a +0 scythe.
You throw a poisoned dart. The poisoned dart hits Sigmund.
Sigmund is poisoned.
You throw a poisoned dart.
The poisoned dart closely misses Sigmund.
Sigmund hits you but does no damage.
No other quiver actions available for cycling.
No other quiver actions available for cycling.
Sigmund misses you.
You barely miss Sigmund.
Sigmund is lightly wounded.
You hit Sigmund. You burn Sigmund.
Sigmund is lightly wounded.
Sigmund looks more healthy.
Sigmund hits you with a +0 scythe!
You hit Sigmund. You burn Sigmund.
Sigmund is moderately wounded.
Sigmund closely misses you.
You hit Sigmund. You burn Sigmund.
Sigmund is heavily wounded.
You hit Sigmund but do no damage.
Sigmund is heavily wounded.
Sigmund hits you but does no damage.
Read: scroll of fear
Press: ? - help, Q - select action, (/) - cycle Dir - look around, f - activate Look: Sigmund, wielding a +0 scythe and wearing a +2 robe of willpower (heavily wounded, chance to affect: 85%)
As you read the scroll of fear, it crumbles to dust.
You assume a fearsome visage.
Sigmund looks frightened!
Sigmund mumbles some strange words.
Sigmund flickers and vanishes!
Deactivating autopickup; reactivate with Ctrl-A.
You miss something.
You see here 2 poisoned darts.
You see here 2 poisoned darts.
There is a strange disturbance nearby!
Something hits you! Something hits you!
* * * LOW HITPOINT WARNING * * *
Something hits you!
You die...

..#####......######
(#................# *
.#.##.........###.#
...#....#####..# .#
####.##...).##.##.# ~≈≈~~
#..#..#.<..#..#.# *~~≈≈~ #
#..#.......#..#.# *~≈≈ ~#
#..#.<._.#....#.#####~~ ≈~#
#..#.......#..@...(..# ≈≈~#
#..#..#.<..#.........#~≈≈~~
#.##.....##..........~~≈≈~
#....#####..........## ≈≈
#....................#~≈≈
#.##.....#...#..####.#~≈≈
** #.
#########......#..~~≈≈ #,
##.........~≈≈~~ *
#..........~≈≈~.


There were no monsters in sight!

Vanquished Creatures
  A worm (D:2)
  2 endoplasms
  3 goblins (D:1)
  3 jackals (D:1)
  A ball python (D:1)
10 creatures vanquished.

Notes
Turn   | Place    | Note
-------+----------+-------------------------------------------
     0 | D:1      | MrFrogsmire the Meteoran Wanderer began the quest for the
                  | Orb.
     0 | D:1      | MrFrogsmire set off with the following items: a +2
                  | quarterstaff, a +0 mace, 8 poisoned darts, a +0 dagger, a
                  | scroll of fear, a +0 leather armour.
     0 | D:1      | Reached XP level 1. HP: 22/22 MP: 2/2
    56 | D:1      | Reached XP level 2. HP: 12/28 MP: 3/3
   156 | D:1      | You fall into a shaft and drop 1 floor!
   176 | D:2      | Reached skill level 1 in Armour
   198 | D:2      | Found a faded altar of an unknown god.
   214 | D:2      | Prayed at the altar of an unknown god.
   214 | D:2      | Became a worshipper of Ashenzari the Shackled
   230 | D:2      | Noticed Sigmund
   266 | D:2      | Mangled by Sigmund

Illustrated notes

Levels and vault maps discovered:
D:1:      saegor_arrival_simple_e, layout_basic, serial_glass, glass_columns_a,
          glass_columns_c, nrook_mini_vaults
D:2:      wander_river, layout_rooms, nicolae_ecumenical_pavilion,
          amethyst_killhole, uniq_sigmund, uniq_natasha

Skill      XL: |  1  2 |
---------------+-------+-----
Armour         | 1 |  1.1
Fighting       | |  4.7
Maces & Flails | |  1.3
Staves         | |  3.8
Throwing       | |  2.6
Dodging        | |  0.2

Action                   || total
-------------------------++-------
Melee: Quarterstaff      ||    16
       Dagger            ||    23
Throw: Dart              ||     2
  Use: Scroll            ||     1
Armor: Leather armour    ||     7
Dodge: Dodged            ||    19

Table legend: (Time is in decaauts)
 A = Elapsed time spent in this place.
 B = Non-inter-level travel time spent in this place.
 C = Inter-level travel time spent in this place.
 D = Time resting spent in this place.
 E = Time spent auto-exploring this place.
 F = Levels seen in this place.
 G = Mean time per level.
                   A        B        C        D        E       F      G
               +--------+--------+--------+--------+--------+-----+--------+
         Total |    266 |     96 |    170 |      0 |      0 |   2 |  133.0 |
       Dungeon |    266 |     96 |    170 |      0 |      0 |   2 |  133.0 |
               +--------+--------+--------+--------+--------+-----+--------+

Top non-repeatable levels by time:
     D:1: 157 daAuts
     D:2: 109 daAuts
